 Dungeon Crawl Stone Soup version 0.19.4-9-g45fd643 (webtiles) character file.

12383 galech the Grappler (level 11, -10/115 HPs)
             Began as a Troll Monk on Feb 20, 2017.
             Was the Champion of Makhleb.
             Mangled by a sixfirhy (12 damage)
             ... summoned by an orc sorcerer
             ... on level 2 of the Orcish Mines.
             The game lasted 00:27:48 (10696 turns).

galech the Grappler (Troll Monk)                   Turns: 10696, Time: 00:27:48

Health: -10/115    AC: 10    Str: 23 (24) XL:     11   Next: 61%
Magic:  10/10      EV: 19    Int:  4      God:    Makhleb [******]
Gold:   1330       SH:  0    Dex: 26      Spells: 0 memorised, 10 levels left

rFire  . . .     SeeInvis .       - Unarmed
rCold  . . .     Gourm    +     H - +2 robe {rN+}
rNeg   + . .     Faith    .     (no shield)
rPois  +         Spirit   .     (helmet restricted)
rElec  .         Reflect  .     J - +1 cloak {rPois}
rCorr  .         Harm     .     (gloves unavailable)
MR     +....                    (boots unavailable)
Stlth  ++........               x - amulet "Zurphekk" {+Rage Dex+6}
                                w - ring of flight
                                r - +6 ring of dexterity

@: exhausted, slowed, very slow
A: unfitting armour, claws 3, hooves 1, agile 1, deterioration 1, dopey 1, fast
metabolism 3, gourmand, magic resistance 1, regeneration 2, shaggy fur 2, tough
skin 2, subdued magic 1
a: Minor Destruction, Lesser Servant of Makhleb, Major Destruction, Greater
Servant of Makhleb, Renounce Religion, Evoke Berserk Rage, Evoke Flight


You were on level 2 of the Orcish Mines.
You worshipped Makhleb.
Makhleb was exalted by your worship.
You were very full.

You visited 2 branches of the dungeon, and saw 13 of its levels.
You also visited: Ossuary.

You collected 1330 gold pieces.

Inventory:

Armour
 m - a +2 robe of magic resistance
 H - a +2 robe of positive energy (worn)
 J - a +1 cloak of poison resistance (worn)
Jewellery
 r - a +6 ring of dexterity (left claw)
 w - a ring of flight (right claw)
 x - the amulet "Zurphekk" (around neck) {+Rage Dex+6}
   (You found it on level 4 of the Dungeon)

   [amulet of rage]

   It affects your dexterity (+6).
   It lets you go berserk.
 O - an uncursed ring of positive energy
 V - an uncursed ring of poison resistance
Wands
 S - a wand of teleportation (7/9)
 U - a wand of digging (16/24)
Scrolls
 a - a scroll of torment {unknown}
 f - 4 scrolls of amnesia
 g - 5 scrolls of remove curse
 h - 2 scrolls of blinking {unknown}
 j - 2 scrolls of recharging {unknown}
 k - 5 scrolls of teleportation
 l - 5 scrolls of fear {unknown}
 p - 4 scrolls of enchant armour {unknown}
 q - 9 scrolls of identify {unknown}
 D - 5 scrolls of enchant weapon {unknown}
 F - a scroll of random uselessness {unknown}
 N - a scroll of summoning {unknown}
 R - 2 scrolls of fog {unknown}
 T - a scroll of acquirement {unknown}
Potions
 c - 2 potions of agility {unknown}
 e - a potion of might {unknown}
 n - 2 potions of lignification {unknown}
 s - 4 potions of curing {unknown}
 t - 5 potions of flight
 u - 10 potions of degeneration {unknown}
 z - a potion of cure mutation {unknown}
 A - 3 potions of invisibility {unknown}
 B - a potion of cancellation {unknown}
 E - 2 potions of brilliance {unknown}
 I - a potion of haste
 K - a potion of magic {unknown}
 L - 2 potions of heal wounds {unknown}
 M - a potion of mutation {unknown}
 P - a potion of berserk rage {unknown}
Books
 Q - a book of Battle

   Spells                             Type                      Level
   a - Infusion                       Charms                       1
   b - Shroud of Golubria             Charms/Translocation         2
   c - Song of Slaying                Charms                       2
   d - Spectral Weapon                Hexes/Charms                 3
   e - Regeneration                   Charms/Necromancy            3
Comestibles
 b - 3 bread rations
 d - 23 chunks of flesh
 i - 2 meat rations
 C - a slice of pizza
 W - 24 fruits
 Z - a beef jerky


   Skills:
 + Level 9.5 Fighting
 + Level 9.6 Dodging
 - Level 1.0 Stealth
 + Level 11.1 Unarmed Combat


You had 10 spell levels left.
You didn't know any spells.

Dungeon Overview and Level Annotations

Branches:
Dungeon (11/15)            Temple (0/1) D:6            Lair (0/6) D:9
    Orc (2/2) D:9             Elf (0/3) Orc:2

Altars:
Ashenzari
Cheibriados
Dithmenos
Elyvilon
Makhleb
Okawaru
Qazlal
Sif Muna
Uskayaw
Xom
Zin
The Shining One
Beogh

Shops:
D:5 (   D:7 (   D:9 (*   D:10 [(   Orc:2 *

Annotations:
D:11 Fannar


Innate Abilities, Weirdness & Mutations

You are too large for most types of armour.
You have claws for hands.
Your metabolism is lightning-fast.
You like to eat raw meat.
You heal very quickly.
You are covered in thick fur. (AC +2)
You have very tough skin. (AC +2)
You have large cloven feet.
You are agile. (Dex +2)
Your body sometimes deteriorates upon taking damage.
You are dopey. (Int -2)
You are resistant to hostile enchantments. (MR+)
Your spells are a little easier to cast, but a little less powerful.


Message History

The sixfirhy hits you.
* * * LOW HITPOINT WARNING * * *
The sixfirhy shocks you!
* * * LOW HITPOINT WARNING * * *
The sixfirhy hits you but does no damage.
The orc wizard mumbles some strange words.
The orc wizard seems to speed up.
The orc priest miscasts a cantrip.
The orc hits the plant but does no damage.
The orc priest hits the plant with a falchion.
The orc wizard gestures wildly while chanting.
The orc wizard seems to speed up.
The orc priest hits the plant but does no damage. x2
The soul eater hits the plant!!
The orc wizard closely misses you.
The orc no longer looks unusually strong.
The orc priest no longer looks unusually strong.
The sixfirhy hits you!
* * * LOW HITPOINT WARNING * * *
The sixfirhy shocks you!
You die...

#.....#...............##
.............)))......#
##........<..).....##
#..........<)...#...#
##...................#
##.#.................##
#...................###
##..................#...
###...#.#@#...............
#$......3.................
#.P.....o...........#(..#.
###.P∩Ph.o................(.
.#####.#3PPP...........>.........
..o8...oooooo#................#.)
.......)o.O.#..............#...))
.....)...#.#....#................
.........#.#.....................


You could see a sixfirhy, a warg, an orc warrior, an ogre, 2 orc priests, 2 orc
wizards and an orc.

Vanquished Creatures
  A hell knight (D:10)
  2 hill giants (D:11)
  An orc knight (Orc:2)
  A centaur zombie (D:10)
  2 ugly things (D:11)
  The ghost of oplop the Chiller, a novice OpIE (D:7)
  4 trolls
  The ghost of MirrMurr the Sneak, a novice SpEn (D:5)
  A two-headed ogre (Orc:1)
  The ghost of oplop the Chiller, an amateur OpIE (D:6)
  A hippogriff (D:8)
  7 yaks
  2 hungry ghosts
  3 hell hounds (D:10)
  12 orc warriors
  A sky beast (D:7)
  2 phantoms
  2 black bears
  4 ice beasts
  5 ogres
  6 centaurs
  A big kobold (D:9)
  Blork the orc (D:5)
  8 bullfrogs
  4 scorpions
  A wyvern skeleton (D:6)
  4 wights
  2 howler monkeys
  3 crimson imps
  A quasit (D:10)
  3 hounds
  3 jellies
  12 orc priests
  Crazy Yiuf (D:5)
  A bullfrog skeleton (D:8)
  A centaur skeleton (D:11)
  4 iguanas
  Terence (D:3)
  3 worker ants
  Natasha (thrice) (D:3)
  14 orc wizards
  A hound zombie (D:5)
  A hound skeleton (D:4)
  15 mummies
  A howler monkey zombie (D:5)
  3 gnolls (D:2)
  2 worker ant zombies
  11 adders
  2 shadow imps
  An adder skeleton (D:8)
  5 worms
  3 dart slugs
  6 leopard geckos
  49 orcs
  8 bats
  5 giant cockroaches
  12 hobgoblins
  10 jackals
  6 kobolds
  5 quokkas
  A ball python skeleton (D:4)
  A frilled lizard (D:3)
  2 gnoll skeletons (Ossuary)
  6 goblins
  A goblin skeleton (Ossuary)
  2 jackal skeletons (D:5)
  A kobold skeleton (Ossuary)
  3 leopard gecko skeletons
  4 orc skeletons (Ossuary)
  4 rats
  11 rat skeletons (Ossuary)
  A plant (D:2)
314 creatures vanquished.

Notes
Turn   | Place    | Note
-------+----------+-------------------------------------------
     0 | D:1      | galech the Troll Monk began the quest for the Orb.
     0 | D:1      | Reached XP level 1. HP: 22/22 MP: 0/0
    85 | D:1      | Reached XP level 2. HP: 25/29 MP: 1/1
  1008 | D:2      | Reached XP level 3. HP: 32/36 MP: 2/2
  1429 | D:2      | Reached XP level 4. HP: 45/45 MP: 3/3
  2087 | D:3      | Noticed Terence
  2089 | D:3      | Noticed Natasha
  2097 | D:3      | Killed Natasha
  2100 | D:3      | Killed Terence
  2100 | D:3      | Reached skill level 4 in Unarmed Combat
  2100 | D:3      | Reached XP level 5. HP: 35/53 MP: 4/4
  2344 | D:3      | Found a burning altar of Makhleb.
  2456 | D:3      | Became a worshipper of Makhleb the Destroyer
  2456 | D:3      | Reached * piety under Makhleb
  2456 | D:3      | Reached ** piety under Makhleb
  2674 | D:3      | Noticed Natasha
  2684 | D:3      | Killed Natasha
  2729 | D:3      | Noticed Natasha
  2732 | D:3      | Killed Natasha
  2854 | D:4      | Reached XP level 6. HP: 61/61 MP: 5/5
  2857 | D:4      | Got a coiled steel amulet
  2858 | D:4      | Identified the amulet "Zurphekk" {+Rage Dex+6} (You found it on level 4 of the Dungeon)
  2880 | D:4      | Found a shadowy altar of Dithmenos.
  3144 | D:4      | Reached skill level 5 in Unarmed Combat
  3245 | D:4      | Found a stormy altar of Qazlal.
  3247 | D:4      | Found a deep blue altar of Sif Muna.
  3395 | D:5      | Entered Level 5 of the Dungeon
  3434 | D:5      | Found Luraczul's Antique Weapon Boutique.
  3574 | D:5      | Reached XP level 7. HP: 70/70 MP: 6/6
  3794 | D:5      | Found a snail-covered altar of Cheibriados.
  3823 | D:5      | Reached skill level 5 in Dodging
  3839 | D:5      | Noticed MirrMurr's ghost (novice SpEn)
  3852 | D:5      | Killed MirrMurr's ghost
  3852 | D:5      | Reached skill level 6 in Unarmed Combat
  3852 | D:5      | Reached XP level 8. HP: 79/79 MP: 7/7
  4109 | D:5      | Noticed Blork the orc
  4122 | D:5      | Killed Blork the orc
  4122 | D:5      | Reached skill level 5 in Fighting
  4157 | D:5      | Reached *** piety under Makhleb
  4347 | D:5      | Found a runed door.
  4351 | D:5      | Noticed Crazy Yiuf
  4355 | D:5      | Killed Crazy Yiuf
  4820 | D:6      | Found a sand-covered staircase.
  4827 | Ossuary  | Entered an ossuary
  4969 | Ossuary  | Reached **** piety under Makhleb
  5213 | D:6      | Noticed oplop's ghost (amateur OpIE)
  5220 | D:6      | Killed oplop's ghost
  5220 | D:6      | Reached skill level 7 in Unarmed Combat
  5602 | D:6      | Reached XP level 9. HP: 89/89 MP: 8/8
  5870 | D:6      | Found a staircase to the Ecumenical Temple.
  6275 | D:7      | Noticed oplop's ghost (novice OpIE)
  6302 | D:7      | Killed oplop's ghost
  6362 | D:7      | Found Liceneuq's Antique Weapon Shop.
  6490 | D:7      | Found a glowing golden altar of the Shining One.
  6552 | D:7      | Reached skill level 8 in Unarmed Combat
  6553 | D:7      | Found a shattered altar of Ashenzari.
  6557 | D:7      | Gained mutation: You are agile. (Dex +2) [mutagenic meat]
  6558 | D:7      | Gained mutation: Your spells are a little easier to cast, but a little less powerful. [mutagenic meat]
  6559 | D:7      | Gained mutation: You have large cloven feet. [mutagenic meat]
  6560 | D:7      | Gained mutation: You are dopey. (Int -2) [mutagenic meat]
  6561 | D:7      | Gained mutation: You are covered in thick fur. (AC +2) [mutagenic meat]
  6977 | D:8      | Reached ***** piety under Makhleb
  7316 | D:8      | Found a glowing silver altar of Zin.
  7346 | D:8      | Noticed an angel
  7347 | D:8      | Found a shimmering altar of Xom.
  7705 | D:9      | Found a staircase to the Orcish Mines.
  7705 | D:9      | Found Peadajog's Weapon Shoppe.
  7772 | D:8      | Reached XP level 10. HP: 78/102 MP: 9/9
  7786 | D:8      | Reached skill level 9 in Unarmed Combat
  8094 | D:9      | Found an iron altar of Okawaru.
  8100 | D:9      | Found Pafuu's Assorted Antiques.
  8151 | D:9      | Found a hide-covered altar of Uskayaw.
  8152 | D:9      | Noticed a hand axe
  8152 | D:9      | Noticed a hand axe
  8187 | D:9      | Found a white marble altar of Elyvilon.
  8217 | D:9      | Found a staircase to the Lair.
  8346 | D:9      | Found a white marble altar of Elyvilon.
  8527 | D:10     | Entered Level 10 of the Dungeon
  8741 | D:10     | Found Qixtooso's Armour Shop.
  8831 | D:10     | Found Xobes's Weapon Boutique.
  8950 | D:10     | Reached skill level 10 in Unarmed Combat
  8975 | D:10     | Noticed a hell knight
  8982 | D:10     | Killed a hell knight
  9023 | D:10     | Noticed a hell knight
  9024 | D:10     | Noticed a necromancer
  9026 | D:10     | Noticed a hell knight
  9246 | D:10     | Reached XP level 11. HP: 108/113 MP: 10/10
  9428 | D:11     | Noticed a white ugly thing
  9434 | D:11     | Killed a white ugly thing
  9515 | D:11     | Gained mutation: Your body sometimes deteriorates upon taking damage. [mutagenic meat]
  9527 | D:11     | Noticed a hill giant
  9532 | D:11     | Noticed a red ugly thing
  9536 | D:11     | Killed a hill giant
  9543 | D:11     | Killed a red ugly thing
  9739 | D:11     | Gained mutation: You are resistant to hostile enchantments. (MR+) [mutagenic meat]
  9740 | D:11     | Gained mutation: You heal very quickly. [mutagenic meat]
  9877 | D:11     | Noticed a hill giant
  9888 | D:11     | Killed a hill giant
  9918 | D:11     | Noticed Fannar
  9976 | Orc:1    | Entered Level 1 of the Orcish Mines
 10182 | Orc:1    | Found a roughly hewn altar of Beogh.
 10374 | Orc:1    | Reached skill level 11 in Unarmed Combat
 10547 | Orc:2    | Entered Level 2 of the Orcish Mines
 10554 | Orc:2    | Reached ****** piety under Makhleb
 10573 | Orc:2    | Found a staircase to the Elven Halls.
 10633 | Orc:2    | Found Cefaiqic's Assorted Antiques.
 10672 | Orc:2    | Noticed an orc knight
 10683 | Orc:2    | Noticed an orc sorcerer
 10685 | Orc:2    | Noticed an orc high priest
 10685 | Orc:2    | Killed an orc knight
 10687 | Orc:2    | Noticed a sixfirhy
 10691 | Orc:2    | Noticed a soul eater
 10696 | Orc:2    | HP: 2/115 [sixfirhy[an orc sorcerer] (8)]
 10696 | Orc:2    | Mangled by a sixfirhy

Skill      XL: |  1  2  3  4  5  6  7  8  9 10 11 |
---------------+----------------------------------+-----
Fighting       | 3 4 6 7 8 9 |  9.5
Dodging        | 3 4 5 6 7 8 9 |  9.6
Unarmed Combat | 4 5 6 7 8 10 11 | 11.1
Stealth        | |  1.0

Action                   |  1- 3 |  4- 6 |  7- 9 | 10-12 || total
-------------------------+-------+-------+-------+-------++-------
Melee: Unarmed           |    96 |   158 |   323 |   290 ||   867
       Punch             |     3 |     3 |    29 |    24 ||    59
       Kick              |       |       |    44 |   137 ||   181
 Abil: Evoke Berserk Rag |       |       |     1 |     1 ||     2
       Evoke Flight      |       |       |       |     3 ||     3
  Use: Scroll            |       |     6 |     1 |     1 ||     8
 Stab: Sleeping          |     2 |     4 |    10 |     4 ||    20
       Distracted        |       |       |     3 |       ||     3
  Eat: Chunk             |    19 |    14 |    58 |    31 ||   122
Armor: Robe              |    39 |    47 |    65 |    58 ||   209
Dodge: Dodged            |    43 |   102 |   191 |   219 ||   555
